 Dungeon Crawl Stone Soup version 0.28.0-47-ge53b351184 (webtiles) character file.

Game seed: 7007609584836731748

5565 GigaChad the Carver (level 10, -6/79 HPs)
             Began as a Minotaur Fighter on May 10, 2022.
             Was a Plaything of Xom.
             Killed from afar by Erica (19 damage)
             ... with a lance of force
             ... on level 9 of the Dungeon.
             The game lasted 00:24:38 (10635 turns).

GigaChad the Carver (Minotaur Fighter)             Turns: 10635, Time: 00:24:39

Health: -6/79      AC: 10    Str: 21    XL:     10   Next: 44%
Magic:  9/9        EV: 15    Int:  7    God:    Xom [....*.]
Gold:   557        SH:  5    Dex: 12    Spells: 9/9 levels left

rFire   . . .      SeeInvis .   z - +2 scimitar (drain)
rCold   . . .      Faith    .   c - +0 buckler
rNeg    . . .      Spirit   .   l - +2 scale mail {Will+}
rPois   .          Reflect  .   (helmet unavailable)
rElec   .          Harm     .   (no cloak)
rCorr   .          Rampage  .   (no gloves)
Will    ++...                   (no boots)
Stlth   ..........              (no amulet)
HPRegen 0.23/turn               q - +4 ring of slaying
MPRegen 0.11/turn               y - +4 ring of evasion

@: no status effects
A: horns 3, retaliatory headbutt, hooves 2, clever 1, clumsy 1, frail 1,
strong-willed 1, mutation resistance 1, wild magic 1
a: Renounce Religion


You were on level 9 of the Dungeon.
You worshipped Xom.
You were a beloved toy of Xom.
You visited 2 branches of the dungeon, and saw 10 of its levels.

You collected 557 gold pieces.

Inventory:

Hand Weapons
 a - a +1 long sword of freezing
 k - a +2 vorpal flail
 v - a +0 hand crossbow
 x - a +0 long sword
 z - a +2 scimitar of draining (weapon)
 A - a +0 halberd
 B - a +0 flail of holy wrath
 C - a +2 flail of holy wrath
 G - a +1 short sword of speed
 H - a +2 dagger of freezing
 I - a +0 falchion
 K - a +0 halberd
 L - a +0 spear
 M - a +1 whip of draining
 R - a +1 halberd
Armour
 b - a +0 scale mail
 c - a +0 buckler (worn)
 i - a +0 chain mail
 l - a +2 scale mail of willpower (worn)
 E - the +0 robe "Tuimani" {rElec rC+ Will+}
   (You found it on level 7 of the Dungeon)

   rC:        It protects you from cold.
   rElec:     It insulates you from electricity.
   Will:      It increases your willpower.
 J - the +2 leather armour "Lykausk" {+Blink rElec Int+3}
   (You found it on level 8 of the Dungeon)

   Int:       It affects your intelligence (+3).
   rElec:     It insulates you from electricity.
   +Blink:    It lets you blink.
 N - +0 acid dragon scales
Jewellery
 q - a +4 ring of slaying (left hand)
 u - a ring of ice
 y - a +4 ring of evasion (right hand)
 O - a ring of fire
Wands
 w - a wand of digging (5)
Scrolls
 e - 2 scrolls of amnesia
 g - 4 scrolls of teleportation
 h - a scroll of torment
 o - a scroll of magic mapping
 r - a scroll of fear {unknown}
Potions
 d - a potion of might
 f - 2 potions of degeneration
 j - 6 potions of curing
 m - a potion of flight {unknown}
 n - a potion of mutation
 p - 2 potions of ambrosia {unknown}
 s - a potion of magic {unknown}
 t - a potion of brilliance
 D - 3 potions of heal wounds
 F - a potion of attraction {unknown}
 P - a potion of haste {unknown}
 Q - a potion of lignification {unknown}


   Skills:
 + Level 8.1 Fighting
 + Level 11.5 Long Blades
 + Level 10.2 Armour
 + Level 5.8 Dodging
 + Level 0.8 Stealth
 + Level 7.0 Shields


You had 9 spell levels left.
You didn't know any spells.
Your spell library contained the following spells:

 Spells                   Type           Power      Damage    Failure   Level
 Beastly Appendage        Tmut           0%         N/A       86%         1
 Magic Dart               Conj           0%         1d3       86%         1
 Sting                    Tmut/Pois      0%         1d3       86%         1
 Call Imp                 Summ           0%         N/A       94%         2
 Poisonous Vapours        Pois/Air       0%         N/A       94%         2
 Sublimation of Blood     Necr           0%         N/A       94%         2
 Wereblood                Tmut           0%         N/A       94%         2
 Confusing Touch          Hex            0%         N/A       99%         3
 Mephitic Cloud           Conj/Pois/Air  0%         N/A       99%         3
 Spider Form              Tmut/Pois      0%         N/A       99%         3
 Olgreb's Toxic Radiance  Pois           0%         N/A       100%        4
 Summon Ice Beast         Ice/Summ       0%         N/A       100%        4
 Summon Mana Viper        Hex/Summ       0%         N/A       100%        5
 Yara's Violent Unravell  Hex/Tmut       0%         3d3       100%        5
 Enfeeble                 Hex            0%         N/A       100%        7
 Monstrous Menagerie      Summ           0%         N/A       100%        7
 Summon Hydra             Summ           0%         N/A       100%        7


Dungeon Overview and Level Annotations

Branches:
Dungeon (9/15)             Temple (1/1) D:6
   Lair: D:8-11         Orc: D:9-12

Altars:
Ashenzari
Cheibriados
Dithmenos
Elyvilon
Fedhas
Gozag
Hepliaklqana
Kikubaaqudgha
Makhleb
Nemelex Xobeh
Okawaru
Qazlal
Ru
Sif Muna
Trog
Uskayaw
Vehumet
Wu Jian
Xom
Yredelemnul
Zin
The Shining One

Shops:
D:8 =

Annotations:
D:9 Erica


Innate Abilities, Weirdness & Mutations

You have a pair of large horns on your head.
You reflexively headbutt those who attack you in melee.
You have hoof-like feet.
Your mind is acute. (Int +2)
You are clumsy. (Dex -2)
You are frail. (-10% HP)
You are strong-willed. (Will+)
You are somewhat resistant to further mutation.
Your spells are a little harder to cast, but a little more powerful.


Message History

The killer bee closely misses you. x2
Your Shields skill increases to level 7!
The killer bee barely misses you.
The killer bee stings you but does no damage.
You slash the killer bee! You drain the killer bee.
You kill the killer bee!
The killer bee stings you but does no damage.
You closely miss the killer bee. You kick the killer bee.
The killer bee is lightly wounded.
The killer bee stings you.
You hit the killer bee.
The killer bee is heavily wounded.
The killer bee stings you but does no damage.
The killer bee closely misses you.
You hit the killer bee.
The killer bee is almost dead.
The killer bee misses you.
You barely miss something. Your kick misses something.
Your headbutt misses something. You closely miss something.
Your kick misses something. Something hits you. Something burns you.
You miss something. Your kick misses something. You headbutt something!
Something hits you! Something burns you.
You hit something. You kick something. Something hits you. Something burns you.
You slash something!
You hear some strange, mumbled words.
Something tries to affect you, but you resist.
You barely miss something. Your kick misses something. You miss something.
You kick something. Something hits you! Something burns you.
* * * LOW HITPOINT WARNING * * *
You closely miss something. Your kick misses something. Something hits you!
* * * LOW HITPOINT WARNING * * *
Something burns you.
* * * LOW HITPOINT WARNING * * *
You hit something. Your kick misses something.
You hear some strange, mumbled words.
A lance of force appears from out of thin air!
The lance of force hits you!!
You die...

.......# #†# .......#
##[###### .......#
######.......#
.......###....'.......#
...........####.......#
.......### #.......#
.......# ####'####
##.##### ####..# #....#
#y{@.## #####'####
#y#### ......)..# #.#
.........# #y#
.........# ...
.........# ...
.........# ....
.........+ .....
.........#


You could see 2 killer bees.

Vanquished Creatures
  A two-headed ogre (D:9)
  Pikel (D:8)
  Joseph (D:8)
  Maggie (D:9)
  A slime creature (D:8)
  A wyvern (D:7)
  A vampire (D:9)
  Grum (D:9)
  Menkaure (D:7)
  Duvessa (D:7)
  An ice beast (D:8)
  A black bear (D:7)
  2 necrophages
  2 lemures
  2 ogres (D:4)
  4 wolves (D:9)
  A phantom (D:6)
  2 kobold brigands (D:8)
  2 scorpions
  2 bullfrogs
  Dowan (D:7)
  4 killer bees (D:9)
  A howler monkey (D:4)
  A centaur zombie (D:9)
  3 jellies
  3 gnoll shamans
  An orc priest (D:8)
  5 hounds
  Terence (D:2)
  3 iguanas (D:6)
  An orc wizard (D:4)
  2 killer bee zombies
  A hound skeleton (D:4)
  11 gnolls
  A howler monkey skeleton (D:5)
  7 adders
  A white imp (D:8)
  2 ufetubi
  An adder skeleton (D:4)
  A worm (D:3)
  4 dart slugs
  13 orcs
  11 ball pythons
  A bat (D:2)
  2 endoplasms
  4 giant cockroaches
  7 goblins
  5 hobgoblins
  4 jackals
  17 kobolds
  3 quokkas
  2 frilled lizards (D:3)
  5 rats
158 creatures vanquished.

Vanquished Creatures (collateral kills)
  2 slime creatures (D:8)
  A water moccasin (D:5)
  A gnoll (D:6)
4 creatures vanquished.

Vanquished Creatures (others)
  A gnoll (D:8)
1 creature vanquished.

Grand Total: 163 creatures vanquished

Notes
Turn   | Place    | Note
-------+----------+-------------------------------------------
     0 | D:1      | GigaChad the Minotaur Fighter began the quest for the Orb.
     0 | D:1      | Reached XP level 1. HP: 19/19 MP: 0/0
   644 | D:1      | Reached XP level 2. HP: 10/27 MP: 1/1
  1813 | D:2      | Found a faded altar of an unknown god.
  1824 | D:2      | Prayed at the altar of an unknown god.
  1824 | D:2      | Became a worshipper of Xom of Chaos
  1878 | D:2      | Noticed Terence
  1889 | D:2      | Killed Terence
  1890 | D:2      | Reached skill level 3 in Long Blades
  1890 | D:2      | Reached XP level 3. HP: 5/33 MP: 2/2
  2011 | D:2      | XOM: silly message
  2856 | D:3      | Found a snail-covered altar of Cheibriados.
  2945 | D:3      | Found a stormy altar of Qazlal.
  2967 | D:3      | Reached skill level 4 in Long Blades
  2967 | D:3      | Reached XP level 4. HP: 29/40 MP: 3/3
  2971 | D:3      | Found an ancient bone altar of Kikubaaqudgha.
  2993 | D:3      | Found a bloodstained altar of Trog.
  3195 | D:3      | XOM: smoke on damage
  3372 | D:3      | XOM is BORED!
  3372 | D:3      | XOM: give mutation
  3372 | D:3      | Gained mutation: You have large cloven feet. [Xom's
                  | mischief]
  3753 | D:3      | XOM: divination: detect items
  4283 | D:4      | Reached XP level 5. HP: 36/46 MP: 4/4
  4336 | D:4      | XOM: 1-stop teleportation journey
  4423 | D:4      | Noticed a necrophage
  4438 | D:4      | XOM: confuse monster(s)
  4449 | D:4      | Killed a necrophage
  4450 | D:4      | Reached skill level 5 in Long Blades
  4450 | D:4      | Reached skill level 5 in Armour
  4486 | D:4      | XOM: potion effect (heal wounds)
  4525 | D:4      | Reached XP level 6. HP: 52/53 MP: 5/5
  4776 | D:4      | Reached skill level 1 in Dodging
  4818 | D:4      | Reached skill level 6 in Long Blades
  4834 | D:4      | XOM: god gift: fizzy orange potion {god gift}
  4867 | D:4      | Reached XP level 7. HP: 41/60 MP: 6/6
  5059 | D:4      | Noticed Grinder
  5059 | D:4      | Paralysed by Grinder for 4 turns
  5063 | D:4      | Noticed Grinder
  5063 | D:4      | Grinder changed into Grinder the lemure
  5063 | D:4      | XOM: polymorph Grinder -> Grinder the lemure
  5069 | D:4      | Killed Grinder the lemure
  5070 | D:4      | Reached skill level 5 in Fighting
  5107 | D:4      | XOM: god gift: scroll labelled TEXZIA GAEMP {god gift}
  5179 | D:5      | Entered Level 5 of the Dungeon
  5279 | D:5      | XOM: summons 7 friendly demons
  5282 | D:5      | Reached skill level 7 in Long Blades
  5519 | D:5      | XOM: scenery: create altars
  5787 | D:5      | XOM: 2-stop teleportation journey
  6042 | D:5      | XOM: give mutation
  6042 | D:5      | Gained mutation: You have hoof-like feet. [Xom's grace]
  6158 | D:6      | XOM: give mutations
  6158 | D:6      | Gained mutation: Your mind is acute. (Int +2) [Xom's grace]
  6158 | D:6      | Gained mutation: You are somewhat resistant to further
                  | mutation. [Xom's grace]
  6158 | D:6      | Gained mutation: You have a pair of large horns on your
                  | head. [Xom's grace]
  6158 | D:6      | Gained mutation: You are strong-willed. (Will+) [Xom's
                  | grace]
  6198 | D:6      | XOM: enchant monster (good)
  6234 | D:6      | XOM: cleaving
  6611 | D:6      | Noticed an angel
  6621 | D:6      | Found a glowing silver altar of Zin.
  6623 | D:6      | Found a shimmering altar of Xom.
  6654 | D:6      | Found a staircase to the Ecumenical Temple.
  6669 | Temple   | XOM: noise
  6669 | Temple   | Entered the Ecumenical Temple
  6989 | D:6      | XOM: summons friendly quasit
  6993 | D:6      | Reached XP level 8. HP: 66/68 MP: 7/7
  7056 | D:6      | XOM: destruction
  7073 | D:6      | XOM: smoke on damage
  7078 | D:6      | Reached skill level 8 in Long Blades
  7137 | D:6      | XOM: divination: detect items
  7643 | D:7      | Noticed Duvessa
  7643 | D:7      | Noticed Dowan
  7651 | D:7      | Killed Duvessa
  7651 | D:7      | XOM: noise
  7652 | D:7      | XOM: potion effect (might)
  7654 | D:7      | Killed Dowan
  7666 | D:7      | Reached skill level 5 in Shields
  7699 | D:7      | Noticed Menkaure
  7724 | D:7      | Killed Menkaure
  7930 | D:7      | Identified the +0 robe "Tuimani" {rElec rC+ Will+}
  7943 | D:7      | Reached XP level 9. HP: 72/75 MP: 8/8
  8086 | D:7      | XOM is BORED!
  8086 | D:7      | XOM: give mutations
  8086 | D:7      | Gained mutation: You are frail. (-10% HP) [Xom's mischief]
  8086 | D:7      | Gained mutation: Your spells are a little harder to cast,
                  | but a little more powerful. [Xom's mischief]
  8086 | D:7      | Gained mutation: You are clumsy. (Dex -2) [Xom's mischief]
  8425 | D:8      | XOM: silly message
  8495 | D:8      | Reached skill level 9 in Long Blades
  8847 | D:8      | Noticed Pikel
  8856 | D:8      | Killed Pikel
  9158 | D:8      | Identified the +2 leather armour "Lykausk" {+Blink rElec
                  | Int+3}
  9177 | D:8      | XOM: enchant monster (bad)
  9222 | D:8      | Found a glowing golden altar of the Shining One.
  9224 | D:8      | XOM: destruction
  9231 | D:8      | XOM: summons friendly crimson imp
  9278 | D:8      | XOM: noise
  9282 | D:8      | XOM: destruction
  9340 | D:8      | Found Yrinuqypt's Jewellery Boutique.
  9439 | D:8      | Noticed Joseph
  9448 | D:8      | XOM: cast spell 'Summon Dragon'
  9453 | D:8      | Killed Joseph
  9454 | D:8      | Reached skill level 10 in Long Blades
  9488 | D:8      | Killed a large slime creature
  9489 | D:8      | Reached skill level 5 in Dodging
  9492 | D:8      | Reached XP level 10. HP: 43/77 MP: 9/9
  9657 | D:8      | XOM: scenery: 1 doors close
  9720 | D:8      | XOM is BORED!
  9720 | D:8      | XOM: noise
  9931 | D:8      | XOM is BORED!
  9931 | D:8      | XOM: stat loss: -3 Int (4/7)
  9986 | D:9      | Noticed Maggie
  9990 | D:9      | XOM: summons 2 friendly demons
  9994 | D:9      | Killed Maggie
  9995 | D:9      | Reached skill level 11 in Long Blades
 10128 | D:9      | Noticed a two-headed ogre
 10129 | D:9      | XOM: butterfly on damage
 10132 | D:9      | Killed a two-headed ogre
 10133 | D:9      | Reached skill level 10 in Armour
 10275 | D:9      | XOM: scenery: 1 doors open
 10463 | D:9      | Found a hazy altar of Hepliaklqana.
 10465 | D:9      | Found a broken altar of Ashenzari.
 10471 | D:9      | XOM: summons 2 friendly demons
 10586 | D:9      | Noticed Grum
 10593 | D:9      | Killed Grum
 10615 | D:9      | Noticed Erica
 10635 | D:9      | Killed from afar by Erica

Illustrated notes

Levels and vault maps discovered:
D:1:      ebering_trefoil_twist, layout_basic
D:2:      layout_loops_corners, hellmonk_ecumenical_altar_inner_sanctum,
          uniq_terence
D:3:      layout_rooms, nicolae_overflow_quartered_altars, serial_rivers,
          chequers_serial_rivers_micro_b, chequers_serial_rivers_small_3,
          chequers_serial_rivers_room_a, chequers_serial_rivers_marsh,
          chequers_serial_rivers_small_b
D:4:      minmay_recursive_quarters, layout_basic,
          kennysheep_opposing_triangles, uniq_grinder
D:5:      layout_cave_pools, minmay_liquid_box
D:6:      layout_basic, grunt_temple_overflow_order_and_chaos_1,
          minmay_temple_entry_glassed_door
D:7:      layout_loops_ring, nicolae_underground_beach, uniq_menkaure,
          uniq_duvessa
D:8:      layout_basic, mainiacjoe_overflow_concentric_impassable, serial_shops,
          nicolae_shop_hallway_plus, uniq_pikel, uniq_joseph
D:9:      layout_roguey, mainiacjoe_overflow_catwalk_spiral,
          kennysheep_generic_room_9, uniq_erica, uniq_grum, uniq_maggie
Temple:   dshaligram_water_room_temple

Skill      XL: |  1  2  3  4  5  6  7  8  9 10 |
---------------+-------------------------------+-----
Fighting       | 4 5 6 7 8 |  8.1
Armour         | 4 5 6 7 8 9 10 | 10.2
Long Blades    | 3 4 5 6 7 8 10 11 | 11.5
Shields        | 4 5 6 7 |  7.0
Dodging        | 1 3 5 |  5.8
Stealth        | |  0.8

Action                   |  1- 3 |  4- 6 |  7- 9 | 10-12 || total
-------------------------+-------+-------+-------+-------++-------
Melee: Long sword        |    67 |    99 |   154 |     8 ||   328
       Headbutt          |     7 |    13 |    24 |     8 ||    52
       Kick              |       |    17 |    44 |    11 ||    72
       Scimitar          |       |       |       |    34 ||    34
  Use: Scroll            |       |     4 |    10 |       ||    14
Armor: Scale mail        |    29 |    65 |    53 |     5 ||   152
Dodge: Dodged            |    48 |    62 |   110 |    25 ||   245
Block: Buckler           |    22 |    34 |    50 |    10 ||   116
